 Dungeon Crawl Stone Soup version 0.17-a0-1115-g0372368 (webtiles) character file.

114 HEYYEYAAE the Shield-Bearer (level 4, -8/31 HPs)
             Began as an Octopode Fighter on May 23, 2015.
             Killed from afar by Baka's ghost (17 damage)
             ... with a flame tongue
             ... on level 3 of the Dungeon.
             The game lasted 00:02:01 (1511 turns).

HEYYEYAAE the Shield-Bearer (Octopode Fighter)      Turns: 1511, Time: 00:02:01

Health: -8/31      AC:  1    Str: 18    XL:     4   Next: 98%
Magic:  4/4        EV: 11    Int: 10    God:
Gold:   104        SH: 10    Dex: 12    Spells: 0 memorised, 3 levels left

rFire  . . .     SeeInvis .     j - -3 dagger (curse)
rCold  . . .     Clarity  .     b - +1 shield
rNeg   . . .     SustAt   .     (helmet restricted)
rPois  .         Gourm    .     e - amulet of stasis
rElec  .         Spirit   .     g - ring of teleportation (curse)
rCorr  .         Warding  .     h - +3 ring of strength
rMut   .         Stasis   +     n - ring of protection from magic
MR     +....                    (no ring)
Stlth  ++........               (no ring)
                                (no ring)
                                (no ring)
                                (no ring)

@: somewhat resistant to hostile enchantments, unstealthy
A: almost no armour, amphibious, 8 rings, constrict 8, camouflage 1, gelatinous
body 1
a: Evoke Teleportation


You were on level 3 of the Dungeon.
You were very hungry.

You visited 1 branch of the dungeon, and saw 3 of its levels.

You collected 104 gold pieces.

Inventory:

Hand weapons
 a - a +0 war axe
 i - a +2 dagger of pain
 j - a cursed -3 dagger (weapon)
 q - a +1 whip of electrocution
Armour
 b - a +1 shield (worn)
Jewellery
 e - an amulet of stasis (around mantle)
 g - a cursed ring of teleportation (left tentacle)
 h - a +3 ring of strength (right tentacle)
 n - a ring of protection from magic (on tentacle)
Potions
 c - a potion of might
 f - a potion of heal wounds
 k - a potion of ambrosia {unknown}
 l - 2 potions of curing
 m - a potion of brilliance {unknown}
 o - a potion of agility {unknown}
Comestibles
 d - 3 bread rations
 p - a royal jelly
 r - a chunk of flesh


   Skills:
 + Level 3.5 Fighting
 + Level 2.6 Axes
 * Level 4.0 Dodging
 * Level 4.0 Shields


You had 3 spell levels left.
You didn't know any spells.

Dungeon Overview and Level Annotations

Branches:
Dungeon (3/15)

Altars:

Annotations:
D:3 Baka's ghost, average DEFE


Innate Abilities, Weirdness & Mutations

You cannot wear most types of armour.
You are amphibious.
You can wear up to eight rings at the same time.
You can use your tentacles to constrict eight enemies at once.
Your skin changes colour to match your surroundings (Stealth).
Your rubbery body absorbs attacks (AC +1).


Message History

The worm moves out of view.
Found 23 stones.
An adder and a quokka come into view.
Baka's ghost hits you.
You barely miss Baka's ghost. Your squeeze misses Baka's ghost.
Baka's ghost casts a spell at you. The flame tongue hits you!
You miss Baka's ghost. Your squeeze misses Baka's ghost.
Baka's ghost casts a spell at you. The flame tongue hits you!
* * * LOW HITPOINT WARNING * * *
A goblin comes into view.
You are too injured to fight recklessly!
You are too injured to fight recklessly!
Unknown command.
Baka's ghost says very slowly, "There's no hope."
Baka's ghost gestures at you while chanting.
The flame tongue hits you!
Ouch! That really hurt!
You die...

### ##.## #...# #...# . #...#
.(..####).S###################
......w...rW.@................
......##...###############.###
....# #....# #...# ...
#........# ###.## .
.........#.# #######...#
...######g..# #.......### ..
##... ##.####### 8
###..###..###########
.....................


You could see a worm, Baka's ghost, an adder and a quokka.

Vanquished Creatures
  Jessica (D:2)
  A gnoll (D:1)
  2 adders (D:2)
  3 orcs (D:3)
  8 bats
  5 giant cockroaches
  9 hobgoblins
  4 jackals (D:1)
  8 kobolds
  A ball python (D:2)
  A giant gecko (D:3)
  A giant newt (D:1)
  7 goblins
  7 rats
  A fungus (D:1)
59 creatures vanquished.

Notes
Turn   | Place    | Note
--------------------------------------------------------------
     0 | D:1      | HEYYEYAAE the Octopode Fighter began the quest for the Orb.
     0 | D:1      | Reached XP level 1. HP: 16/16 MP: 1/1
   148 | D:1      | Reached XP level 2. HP: 17/21 MP: 2/2
   333 | D:1      | Reached XP level 3. HP: 21/26 MP: 3/3
   954 | D:2      | Noticed Jessica
   961 | D:2      | Killed Jessica
   961 | D:2      | Reached XP level 4. HP: 21/31 MP: 4/4
  1303 | D:3      | Reached skill level 4 in Shields
  1500 | D:3      | Noticed Baka's ghost (average DEFE)
  1511 | D:3      | Killed from afar by Baka's ghost

Vault maps used:
D:1:      dpeg_arrival_prison
D:2:      serial_forest, infiniplex_forest_end_1, infiniplex_forest_straight_5,
          infiniplex_forest_clump_diagonal, infiniplex_forest_clump_diagonal,
          infiniplex_forest_lined_2, infiniplex_forest_clump_large,
          infiniplex_forest_lined_2, uniq_jessica
D:3:      minmay_misc_feat_plants

Action                   |  1- 3 |  4- 6 || total
-------------------------+-------+-------++-------
Melee: War axe           |    28 |       ||    28
       Dagger            |    60 |    47 ||   107
  Use: Scroll            |     3 |       ||     3
 Stab: Sleeping          |     2 |     3 ||     5
       Distracted        |     1 |       ||     1
  Eat: Chunk             |       |     1 ||     1
